 Dungeon Crawl Stone Soup version 0.30.1-11-g7821555f0a (webtiles) character file.

Game seed: 7773519367290569657

3214540 foxicus the Conqueror (level 27, 273/273 HPs)
             Began as a Hill Orc Fighter on Oct 30, 2023.
             Was the Champion of Trog.
             Escaped with the Orb
             ... and 5 runes!
             The game lasted 07:48:04 (68266 turns).

foxicus the Conqueror (Hill Orc Fighter)           Turns: 68266, Time: 07:48:05

Health: 273/273    AC: 48    Str: 44    XL:     27
Magic:  23/23      EV:  9    Int: 11    God:    Trog [******]
Gold:   2517       SH: 35    Dex: 12    Spells: 26/26 levels left

rFire   + + +        l - +11 war axe of Ubiqot {flame, +Blink rC+ Str+5 Stlth-}
rCold   + + .        z - +6 tower shield of the True Pharaoh {Rampage Regen+}
rNeg    . . .        s - +11 gold dragon scales
rPois   +            Z - +0 hat "Bewey" {rF++ Dex-4 Slay+2 Stlth+}
rElec   +            m - +0 cloak of the Fig {rElec Str+3 Dex+2}
rCorr   +            S - +1 pair of gloves of the Known World {Rampage rCorr}
SInv    .            O - +3 pair of mountain boots {steadfast, rC+}
Will    ++...        k - amulet of reflection Stlth
                     Q - ring of Shadows {Umbra +Inv Stlth+}
HPRegen 1.45/turn    u - ring of Ahougin {Fly rF+ rC- Str+4 Int+6}
MPRegen 0.18/turn

%: reflection, rampage
@: flying, wreathed by umbra, studying Fighting
A: hooves 1, agile 1, dopey 1, inhibited regeneration, wild magic 1, inability
to read after injury 2
0: Orb of Zot
}: 5/15 runes: serpentine, barnacled, slimy, silver, abyssal
a: Renounce Religion, Evoke Blink, Evoke Invisibility, Berserk, Trog's Hand,
Brothers in Arms


You escaped.
You worshipped Trog.
Trog was exalted by your worship.
You visited 11 branches of the dungeon, and saw 53 of its levels.
You visited the Abyss 2 times.
You also visited: Ice Cave.

You collected 7349 gold pieces.
You spent 4832 gold pieces at shops.

Inventory:

Hand Weapons
 l - the +11 war axe of Ubiqot (weapon) {flame, +Blink rC+ Str+5 Stlth-}
   (Trog gifted it to you on level 5 of the Vaults)

   Str:       It affects your strength (+5).
   rC:        It protects you from cold.
   +Blink:    It lets you blink.
   Stlth:     It makes you less stealthy.
 y - a +6 war axe of electrocution
 L - a +9 war axe of freezing
Armour
 m - the +0 cloak of the Fig (worn) {rElec Str+3 Dex+2}
   (You found it on level 4 of the Vaults)

   Str:       It affects your strength (+3).
   Dex:       It affects your dexterity (+2).
   rElec:     It insulates you from electricity.
 s - +11 gold dragon scales (worn)
 z - the +6 tower shield of the True Pharaoh (worn) {Rampage Regen+}
   (You found it on level 4 of the Dungeon)

   Regen:     It increases your rate of health regeneration.
   Rampage:   It bestows one free step when moving towards enemies.
 O - the +3 pair of mountain boots (worn) {steadfast, rC+}
   (You found it on level 3 of the Snake Pit)

   Steadfast: It prevents involuntary movement, except for blinking,
   teleportation, or banishment.
   rC:        It protects you from cold.
 S - the +1 pair of gloves of the Known World (worn) {Rampage rCorr}
   (You found it on level 2 of the Depths)

   rCorr:     It protects you from acid and corrosion.
   Rampage:   It bestows one free step when moving towards enemies.
 V - the +4 pearl dragon scales of Oshraot {-Cast rN+ Will++ Dex+5}
   (You bought it in a shop on level 3 of the Snake Pit)

   Dex:       It affects your dexterity (+5).
   rN:        It protects you from negative energy.
   -Cast:     It prevents spellcasting.
   Will:      It greatly increases your willpower.
 Z - the +0 hat "Bewey" (worn) {rF++ Dex-4 Slay+2 Stlth+}
   (You acquired it on level 5 of the Vaults)

   Dex:       It affects your dexterity (-4).
   Slay:      It affects your accuracy & damage with ranged weapons and melee
   (+2).
   rF:        It greatly protects you from fire.
   Stlth:     It makes you more stealthy.
Jewellery
 c - a ring of willpower
 i - the ring "Ozoutie" {rN+ Int+6 SInv}
   (You found it on level 3 of the Elven Halls)

   [ring of intelligence]

   Int:       It affects your intelligence (+6).
   rN:        It protects you from negative energy.
   SInv:      It lets you see invisible.
 k - an amulet of reflection (around neck)
 o - a ring of resist corrosion
 u - the ring of Ahougin (right hand) {Fly rF+ rC- Str+4 Int+6}
   (You took it off a merfolk on level 4 of the Shoals)

   [ring of protection from fire]

   Str:       It affects your strength (+4).
   Int:       It affects your intelligence (+6).
   rF:        It protects you from fire.
   rC:        It makes you vulnerable to cold.
   Fly:       It grants you flight.
 w - a ring of positive energy
 D - the amulet "Relaill" {RegenMP rElec rF+}
   (You found it on level 4 of the Vaults)

   [amulet of magic regeneration]

   It increases your rate of magic regeneration.
   rF:        It protects you from fire.
   rElec:     It insulates you from electricity.
 E - a ring of protection from fire
 J - a ring of protection from cold
 Q - the ring of Shadows (left hand) {Umbra +Inv Stlth+}
   (You bought it in a shop on level 2 of the Elven Halls)

   [ring of stealth]

   Umbra:     It surrounds you with an aura of shadow, increasing your stealth
   and reducing the accuracy of all others within it.
   +Inv:      It lets you turn invisible.
   Stlth:     It makes you more stealthy.
 R - the ring "Lileath" {rElec rPois EV+5}
   (You took it off a deep elf zephyrmancer on level 3 of the Elven Halls)

   [ring of evasion]

   EV:        It affects your evasion (+5).
   rElec:     It insulates you from electricity.
   rPois:     It protects you from poison.
 U - a ring of poison resistance
 W - a ring of willpower
Wands
 f - a wand of flame (91)
 A - a wand of roots (43)
 B - a wand of digging (6)
 K - a wand of charming (75)
 P - a wand of polymorph (18)
 T - a wand of quicksilver (13)
 Y - a wand of mindburst (32)
Scrolls
 a - 10 scrolls of immolation
 b - 6 scrolls of torment
 g - 18 scrolls of poison
 n - 23 scrolls of teleportation
 p - 14 scrolls of fear
 q - 10 scrolls of blinking
 x - 7 scrolls of butterflies
 H - 10 scrolls of fog
 N - 8 scrolls of silence
Potions
 d - 6 potions of might
 e - 6 potions of heal wounds
 h - 29 potions of curing
 j - 2 potions of resistance
 r - 5 potions of haste
 t - 8 potions of cancellation
 v - 6 potions of invisibility
 F - a potion of brilliance
 G - 8 potions of ambrosia
 M - a potion of berserk rage
Miscellaneous
 C - a tin of tremorstones (2/2)
 I - a phantom mirror
 X - a lightning rod (4/4)


   Skills:
 O Level 27 Fighting
 O Level 27 Axes
 - Level 1.5(15.4) Polearms
 O Level 27 Armour
 O Level 27 Shields
 + Level 22.7 Evocations


You had 26 spell levels left.
You didn't know any spells.
Your spell library contained the following spells:

 Spells                   Type           Power      Damage    Failure   Level
 Sandblast                Erth           0%         2d4       82%         1
 Lesser Beckoning         Tloc           0%         N/A       90%         2
 Passwall                 Tmut/Erth      0%         N/A       90%         2
 Portal Projectile        Hex/Tloc       0%         N/A       99%         3
 Stone Arrow              Conj/Erth      0%         3d7       99%         3
 Summon Guardian Golem    Hex/Summ       0%         N/A       99%         3


Dungeon Overview and Level Annotations

Branches:
Dungeon (15/15)            Temple (0/1) D:4            Lair (5/5) D:9
 Shoals (4/4) Lair:3        Snake (4/4) Lair:3        Slime (5/5) Lair:5
    Orc (2/2) D:12            Elf (3/3) Orc:2        Vaults (5/5) D:14
  Crypt (0/3) Vaults:3     Depths (4/4) D:15           Hell (visited)
    Zot (5/5) Depths:4      IceCv (visited)
    Dis: Hell:1         Geh: Hell:1         Coc: Hell:1         Tar: Hell:1

Altars:
Dithmenos
Elyvilon
Fedhas
Gozag
Kikubaaqudgha
Makhleb
Nemelex Xobeh
Trog
Uskayaw
Vehumet
Wu Jian
Yredelemnul
The Shining One
Beogh
Jiyva

Shops:
Orc:1 !   Orc:2 =:[*   Elf:2 =   Shoals:1 *   Snake:3 [   Vaults:3 =
Depths:4 (:([

Portals:
Hell: Depths:1 Depths:2 Depths:3 Depths:4
Abyss: D:13 Depths:3 Depths:4
Pandemonium: Depths:2
Ziggurat: Depths:2

Annotations:
Hell Geryon


Innate Abilities, Weirdness & Mutations

You have large cloven feet.
You are agile. (Dex +4, Str/Int -1)
You are dopey. (Int -2)
You do not regenerate when monsters are visible.
Your spells are a little harder to cast, but a little more powerful.
You sometimes lose the ability to read scrolls when taking damage.


Message History

The Brimstone Fiend is almost dead.
The Brimstone Fiend gestures at you.
The sphere of damnation explodes!
The damnation engulfs you!!!
You feel threatened and lose the ability to read scrolls!
* * * LOW HITPOINT WARNING * * *
The damnation engulfs the Brimstone Fiend.
The Brimstone Fiend completely resists.
Your skin crawls.
You feel strong-willed.
The Brimstone Fiend calls on the powers of darkness!
Your body is wracked with pain!
* * * LOW HITPOINT WARNING * * *
Unknown command.
You feel much better.
The Brimstone Fiend calls on the powers of darkness!
Your body is wracked with pain!
* * * LOW HITPOINT WARNING * * *
Unknown command.
You feel much better.
The Brimstone Fiend hits you but does no damage.
You block the Brimstone Fiend's attack. x2
You feel much better.
You block the Brimstone Fiend's attack. x3
You carve the Brimstone Fiend like a ham!!!
You kill the Brimstone Fiend!
Trog accepts your kill.
There is a stone staircase leading up here.
You feel much better.
You feel much better.
You fly upwards.
There is a stone staircase leading down here.
There is a stone staircase leading up here.
You fly upwards.
You can read scrolls again.
There is a stone staircase leading down here.
You feel the effects of Trog's Hand fading.
Your skin stops crawling.
You feel less strong-willed.
HP restored.
There is an open door here.
There is a staircase leading out of the dungeon here.
You have escaped!

# #..........###.## #.........#
# #...#######.#.## #.........#
#...# ##.## #.........#
##################
###.........##
.................#
#.............
################.#
#.#.........##
.................###.#.........#
################'#..)..........#
................@###.#.........#
################## #.......#####
.........# #.### #########
#...)....###...##
#.#####.###.....# .....##.#
#.....# #.##.##.###.....#
#..............##
#.......#####.##


There were no monsters in sight!

Vanquished Creatures
  the Royal Jelly (Slime:5)
  2 dread liches (Zot:5)
  8 orbs of fire
  An ancient lich (Zot:5)
  The ghost of Angmar the Cloud Mage, a veteran DrAE of Vehumet (Vaults:2)
  Mara (Vaults:2)
  A juggernaut (Depths:1)
  2 Killer Klowns (Zot:5)
  Vashnia (Snake:2)
  Saint Roka (Snake:3)
  Bai Suzhen (D:15)
  Xtahua (Vaults:4)
  A caustic shrike (Depths:1)
  Nikola (Shoals:1)
  The ghost of Bananafolds the Warrior, an adept NaVM of Cheibriados (D:15)
  2 curse toes
  8 golden dragons
  A profane servitor (D:13)
  The ghost of Karoneja the Marksmeteoran, an adept MeHs of Ashenzari (Zot:1)
  The ghost of Kehicw the Executioner, an adept HOBr of Okawaru (Shoals:3)
  A Brimstone Fiend (D:3)
  A bone dragon (Depths:4)
  6 electric golems
  A walking crystal tome (Zot:4)
  17 tentacled monstrosities
  Rupert (D:15)
  2 walking frostbound tomes (Depths:3)
  2 walking earthen tomes
  5 liches
  7 titans
  13 quicksilver dragons
  4 deep elf blademasters
  26 Orb Guardians
  2 walking divine tomes
  2 krakens
  2 sphinxes
  24 acid blobs
  Polyphemus (Shoals:3)
  15 death cobs
  3 deep elf master archers (Elf:3)
  14 shadow dragons
  Roxanne (Snake:3)
  17 storm dragons
  3 tengu reavers
  Ilsuiw (Shoals:3)
  5 draconian knights
  3 narguns (Zot:4)
  13 rockslimes
  6 nagarajas
  A daeva (Depths:2)
  11 fire giants
  3 deep elf sorcerers
  14 azure jellies
  Donald (Shoals:1)
  3 draconian monks
  2 iron dragons
  4 deep elf elementalists (Elf:3)
  3 ghost moths
  8 frost giants
  3 angels
  Aizul (Snake:2)
  17 vault wardens
  4 draconian scorchers
  8 draconian shifters
  An orc warlord (Vaults:4)
  5 draconian stormcallers
  2 spriggan defenders (Depths:3)
  15 ironbound preservers
  2 reapers
  7 quicksilver oozes
  15 very ugly things
  A war gargoyle (Vaults:4)
  8 ironbound thunderhulks
  2 juggernaut skeletons
  8 draconian annihilators
  21 stone giants
  4 vampire knights
  18 black draconians
  3 deep elf demonologists
  The ghost of fireball365 the Severer, a journeyman MiFi of Gozag (D:13)
  6 red draconians
  The ghost of Zalbag the Nimble, a journeyman DjFE of Makhleb (Lair:1)
  9 green draconians
  10 dire elephants
  2 spark wasps
  A bunyip (shapeshifter) (Vaults:4)
  9 white draconians
  26 yellow draconians
  12 purple draconians
  4 deep elf annihilators
  3 merfolk javelineers
  2 blizzard demons
  7 deep elf death magi
  11 ettins
  7 merfolk impalers
  Josephine (D:15)
  13 fire dragons
  2 crystal guardians
  2 spectral krakens (Shoals:4)
  A quicksilver dragon skeleton (Vaults:3)
  12 yaktaur captains
  Fannar (Lair:1)
  2 entropy weavers (Vaults:1)
  The ghost of ShellytheWitch the Slicer, a journeyman KoBr of Dithmenos (D:11)
  3 salamander tyrants
  5 rakshasas
  An entropy weaver (shapeshifter) (Depths:2)
  The ghost of safid the Frost Mage, a journeyman MfIE of Vehumet (D:10)
  2 deep elf high priests
  9 ice dragons
  33 vault guards
  17 great orbs of eyes
  3 ogre magi (D:15)
  2 peacekeepers (Vaults:4)
  A hydra (shapeshifter) (Vaults:5)
  A hell beast (Depths:1)
  7 centaur warriors
  A catoblepas (Shoals:3)
  8 merfolk avatars
  8 merfolk aquamancers
  6 hydras
  A death knight (D:14)
  2 ghost crabs (Shoals:4)
  14 ironbound frosthearts
  The ghost of ShellytheWitch the Cleaver, a novice MiBe of Trog (D:9)
  3 spriggan air magi
  An anaconda (shapeshifter) (Depths:2)
  2 alligator snapping turtles (Shoals:4)
  15 death yaks
  10 anacondas
  17 two-headed ogres
  A boulder beetle (D:11)
  35 dancing weapons
  11 naga sharpshooters
  7 naga warriors
  9 deep troll earth magi
  A hell hog (Depths:1)
  13 tengu warriors
  2 thrashing horrors (Abyss:3)
  5 deep troll shamans
  8 hell knights
  6 shock serpents
  14 deep elf knights
  4 spriggan berserkers
  An orc high priest (Elf:1)
  A soul eater (Depths:1)
  3 sun demons
  10 skysharks
  6 iron trolls
  10 salamander mystics
  The ghost of lonewolfV2 the Blocker, a novice FoFi of Dithmenos (D:6)
  10 skeletal warriors
  Amaemon (Lair:1)
  Lodul (D:10)
  66 deep trolls
  5 glowing orange brains
  A quicksilver dragon simulacrum (Depths:1)
  13 sea snakes
  An orb spider (shapeshifter) (Elf:1)
  2 flayed ghosts
  7 wizards
  3 phantasmal warriors
  7 naga ritualists
  An obsidian statue (Vaults:2)
  A lindwurm (shapeshifter) (D:14)
  The ghost of bearlyready the Tainter, a novice NaVM (D:6)
  8 deep elf archers
  23 deep elf zephyrmancers
  13 lindwurms
  5 necromancers
  7 mana vipers
  31 deep elf pyromancers
  12 ironbound convokers
  28 harpies
  The ghost of Esekla the Thaumaturge, a novice DEWn of Vehumet (D:8)
  6 shining eyes
  4 orc knights
  5 oklob plants
  30 ugly things
  A wolf spider (shapeshifter) (Vaults:4)
  8 orc sorcerers
  19 manticores
  5 large abominations
  17 salamanders
  7 cyclopes
  A worldbinder (D:13)
  6 fauns
  31 moths of wrath
  10 elephants
  6 guardian serpents
  38 black mambas
  3 stone giant skeletons
  3 rust devils
  A fire giant skeleton (Vaults:3)
  6 water nymphs
  Joseph (Lair:1)
  11 naga magi
  2 centaur zombies (D:10)
  A frost giant skeleton (D:15)
  An ice statue (IceCv)
  12 merfolk sirens
  2 torpor snails (Lair:1)
  7 cane toads
  4 smoke demons
  3 gargoyles
  An eye of devastation (shapeshifter) (Depths:2)
  4 eyes of devastation
  2 orange demons
  6 unseen horrors
  A cane toad (shapeshifter) (Depths:3)
  Maggie (D:6)
  18 vault sentinels
  4 centaur skeletons (D:10)
  3 molten gargoyles (Lair:5)
  A spectral sea snake (Shoals:4)
  4 rime drakes
  8 komodo dragons
  5 efreet
  27 yaktaurs
  An elf skeleton (Vaults:3)
  2 freezing wraiths (D:14)
  A guardian mummy (D:14)
  An ice devil (D:15)
  A spectral water nymph (Shoals:4)
  5 tengu conjurers
  A rime drake (shapeshifter) (D:14)
  3 spectral merfolk (Shoals:4)
  A red devil (Depths:2)
  9 trolls
  13 polar bears
  6 wind drakes
  Grinder (D:6)
  2 hornets (Depths:1)
  38 merfolk
  A tarantella (D:14)
  A wind drake (shapeshifter) (D:14)
  3 blink frogs (Lair:4)
  A wolf spider simulacrum (D:15)
  4 raiju (Abyss:3)
  2 hellwings
  A dream sheep (shapeshifter) (Vaults:4)
  4 dream sheep (Shoals:4)
  12 snapping turtles
  Sigmund (D:2)
  159 slime creatures
  57 yaks
  2 spriggan skeletons (D:15)
  An air elemental (Elf:2)
  An ettin skeleton (Vaults:3)
  2 centaur simulacra (D:15)
  16 water elementals
  3 shadows
  5 wyverns
  6 spriggans
  A vampire (D:14)
  4 small abominations (Depths:3)
  7 wraiths
  26 fire elementals
  A yak (shapeshifter) (D:13)
  A hog (shapeshifter) (D:14)
  A ynoxinul (Depths:2)
  5 chaos spawn
  A redback (D:14)
  A golden eye (shapeshifter) (D:13)
  8 basilisks
  15 golden eyes
  2 steam dragons (Lair:5)
  2 vampire mosquitoes (D:15)
  Menkaure (D:6)
  33 nagas
  An acid dragon (D:9)
  7 wargs
  9 water moccasins
  4 floating eyes
  2 hell hounds (Lair:5)
  An ogre skeleton (Vaults:3)
  21 orc warriors
  4 black bears
  2 ice beasts
  3 sky beasts
  8 boggarts
  5 centaurs
  26 wolves
  18 ogres
  4 phantoms
  11 bullfrogs
  4 earth elementals
  A gnoll sergeant (D:10)
  3 scorpions
  Blork the orc (D:4)
  2 human skeletons (Vaults:3)
  19 wights
  A hornet simulacrum (D:15)
  A troll zombie (D:12)
  17 killer bees
  A tengu zombie (Depths:1)
  2 electric eels (D:9)
  7 howler monkeys
  8 lava snakes
  11 hounds
  17 jellies
  14 orc priests
  2 sleepcaps
  An iguana (D:5)
  44 orc wizards
  A boggart skeleton (D:10)
  5 ogre zombies (D:12)
  A boggart simulacrum (D:15)
  3 gnolls (D:10)
  11 adders
  5 shadow imps
  13 white imps
  An ufetubus (D:5)
  A worm (D:3)
  4 dart slugs
  112 orcs
  13 ball pythons
  12 endoplasms
  5 giant cockroaches
  6 hobgoblins
  11 jackals
  6 kobolds
  2 quokkas
  6 bats
  3 frilled lizards
  8 goblins
  A goblin skeleton (D:12)
  A goblin zombie (D:12)
  3 hobgoblin skeletons (D:12)
  A hobgoblin zombie (D:12)
  2 orc skeletons (D:12)
  11 orc zombies (D:12)
  10 rats
  5 tentacles
2503 creatures vanquished.

Vanquished Creatures (others)
  A draconian stormcaller (Depths:4)
  A deep elf annihilator (Vaults:5)
  A rakshasa (Depths:3)
  A yaktaur captain (Vaults:5)
  A dancing weapon (Elf:1)
  A lindwurm (Vaults:2)
  A deep elf zephyrmancer (Elf:3)
  A deep elf pyromancer (Elf:2)
  A merfolk (Shoals:1)
  A slime creature (Vaults:2)
  A neqoxec (Abyss:3)
  A hell hound (Lair:5)
  An ogre (Vaults:5)
  3 orc wizards (Orc:2)
  An ufetubus (D:14)
  An orc (D:9)
  6 ball lightnings (Vaults:2)
  21 tentacles
45 creatures vanquished.

Grand Total: 2548 creatures vanquished

Notes
Turn   | Place    | Note
-------+----------+-------------------------------------------
     0 | D:1      | foxicus the Hill Orc Fighter began the quest for the Orb.
     0 | D:1      | Reached XP level 1. HP: 19/19 MP: 1/1
   230 | D:1      | Reached XP level 2. HP: 15/27 MP: 2/2
   603 | D:1      | Reached XP level 3. HP: 33/33 MP: 3/3
  1142 | D:2      | Noticed Sigmund
  1149 | D:2      | Killed Sigmund
  1150 | D:2      | Reached skill level 5 in Axes
  1150 | D:2      | Reached XP level 4. HP: 31/41 MP: 4/4
  1150 | D:2      | Reached XP level 5. HP: 35/47 MP: 5/5
  1310 | D:2      | Found a hide-covered altar of Uskayaw.
  1715 | D:2      | Reached XP level 6. HP: 50/55 MP: 6/6
  2156 | D:3      | Reached skill level 5 in Fighting
  2468 | D:3      | Found a bloodstained altar of Trog.
  2468 | D:3      | Found a white marble altar of Elyvilon.
  2596 | D:3      | Became a worshipper of Trog the Wrathful
  3169 | D:3      | Reached * piety under Trog
  3326 | D:4      | Reached XP level 7. HP: 61/61 MP: 7/7
  3551 | D:4      | Reached skill level 5 in Armour
  3551 | D:4      | Reached skill level 5 in Shields
  3734 | D:4      | Noticed Blork the orc
  3741 | D:4      | Killed Blork the orc
  3883 | D:4      | Found a staircase to the Ecumenical Temple.
  3947 | D:4      | Identified the +6 tower shield of the True Pharaoh {Rampage
                  | Regen+}
  4269 | D:5      | Entered Level 5 of the Dungeon
  4309 | D:5      | Reached XP level 8. HP: 70/70 MP: 8/8
  4372 | D:5      | Found a radiant altar of Vehumet.
  4469 | D:5      | Found a burning altar of Makhleb.
  4607 | D:5      | Reached ** piety under Trog
  4616 | D:5      | Found a glowing golden altar of the Shining One.
  4838 | D:5      | Found a basalt altar of Yredelemnul.
  4928 | D:5      | Found an ornate altar of the Wu Jian Council.
  5168 | D:6      | Noticed Grinder
  5231 | D:6      | Killed Grinder
  5232 | D:6      | Reached XP level 9. HP: 79/79 MP: 9/9
  5315 | D:6      | Noticed Maggie
  5337 | D:6      | Killed Maggie
  5338 | D:6      | Reached skill level 10 in Axes
  5678 | D:6      | Found a runed translucent gate.
  5678 | D:6      | Found a runed translucent gate.
  5678 | D:6      | Found a runed translucent gate.
  5682 | D:6      | Noticed lonewolfV2's ghost (novice FoFi)
  5682 | D:6      | Noticed bearlyready's ghost (novice NaVM)
  5712 | D:6      | Reached *** piety under Trog
  5745 | D:6      | Noticed Menkaure
  5754 | D:6      | Killed Menkaure
  6457 | D:7      | Reached XP level 10. HP: 88/88 MP: 10/10
  7077 | D:7      | Reached **** piety under Trog
  7306 | D:8      | Noticed a cyclops
  7316 | D:8      | Killed a cyclops
  7502 | D:8      | Found a shadowy altar of Dithmenos.
  7559 | D:8      | Found a runed translucent door.
  7566 | D:8      | Noticed Esekla's ghost (novice DEWn)
  7566 | D:8      | Identified the +4 trident "Soarph" {venom, rCorr Dex+2}
  7930 | D:9      | Found a runed translucent gate.
  7930 | D:9      | Found a runed translucent gate.
  7934 | D:9      | Found a runed translucent gate.
  7934 | D:9      | Noticed ShellytheWitch's ghost (novice MiBe)
  8098 | D:9      | Reached XP level 11. HP: 48/97 MP: 11/11
  8259 | D:9      | Found a staircase to the Lair.
  8463 | D:9      | Found a viscous altar of Jiyva.
  8562 | D:6      | Killed lonewolfV2's ghost
  8567 | D:6      | Killed bearlyready's ghost
  8714 | D:10     | Entered Level 10 of the Dungeon
  8729 | D:10     | Reached skill level 10 in Fighting
  8731 | D:10     | Reached ***** piety under Trog
  8835 | D:10     | Found a transporter.
  8844 | D:10     | Noticed a two-headed ogre
  8847 | D:10     | Noticed safid's ghost (journeyman MfIE)
  8848 | D:10     | Identified the +1 plate armour of Crawling {rElec rPois rF+
                  | rCorr Dex-2}
  8848 | D:10     | Noticed a tengu warrior
  8855 | D:10     | Noticed a two-headed ogre
  8855 | D:10     | Noticed a two-headed ogre
  8856 | D:10     | Found a bloodstained altar of Trog.
  8871 | D:10     | Found a transporter.
  8871 | D:10     | Noticed a moth of wrath
  9078 | D:10     | Noticed Lodul
  9202 | D:10     | Reached skill level 15 in Axes
  9226 | D:10     | Received a gift from Trog
  9292 | D:10     | Killed Lodul
  9295 | D:10     | Reached skill level 10 in Shields
  9299 | D:10     | Reached XP level 12. HP: 108/108 MP: 12/12
  9415 | D:10     | Reached skill level 10 in Armour
  9474 | D:10     | Found a blossoming altar of Fedhas.
  9967 | D:11     | Noticed a two-headed ogre
  9975 | D:11     | Killed a two-headed ogre
  9983 | D:11     | Found a runed translucent door.
  9998 | D:11     | Noticed ShellytheWitch's ghost (journeyman KoBr)
 10312 | D:11     | Noticed a boulder beetle
 10332 | D:11     | Killed a boulder beetle
 10734 | Lair:1   | Entered Level 1 of the Lair of Beasts
 10735 | Lair:1   | Noticed Amaemon
 10747 | Lair:1   | Killed Amaemon
 10801 | Lair:1   | Noticed Joseph
 10810 | Lair:1   | Killed Joseph
 10889 | Lair:1   | Found a transporter.
 10904 | Lair:1   | Found a transporter.
 10908 | Lair:1   | Noticed Zalbag's ghost (journeyman DjFE)
 10910 | Lair:1   | Found a frozen archway.
 10944 | IceCv    | Entered an ice cave
 11132 | IceCv    | Received a gift from Trog
 11272 | IceCv    | Reached XP level 13. HP: 108/119 MP: 13/13
 11608 | IceCv    | Reached skill level 1 in Evocations
 11716 | IceCv    | HP: 3/122 [polar bear (21)]
 11716 | IceCv    | HP: 1/122 [polar bear (2)]
 12479 | Lair:1   | Noticed Fannar
 12526 | Lair:1   | Killed Fannar
 13597 | Lair:3   | Found a staircase to the Snake Pit.
 13727 | Lair:3   | Found a staircase to the Shoals.
 14798 | Lair:4   | Reached XP level 14. HP: 132/132 MP: 14/14
 14899 | Lair:4   | Reached skill level 5 in Evocations
 15049 | Lair:4   | Received a gift from Trog
 15467 | Lair:5   | Entered Level 5 of the Lair of Beasts
 15957 | Lair:4   | Reached skill level 15 in Fighting
 15991 | Lair:5   | Found a staircase to the Slime Pits.
 16231 | Lair:5   | Found a large runed translucent door.
 16231 | Lair:5   | Found a large runed translucent door.
 17779 | Lair:5   | Found a viscous altar of Jiyva.
 18245 | Lair:5   | Reached XP level 15. HP: 111/141 MP: 15/15
 18486 | D:8      | Killed Esekla's ghost
 18494 | D:8      | Received a gift from Trog
 18627 | D:9      | Killed ShellytheWitch's ghost
 18635 | D:9      | Identified the +3 scale mail "Kitoit" {rPois}
 18737 | D:10     | Killed safid's ghost
 19007 | D:11     | Killed ShellytheWitch's ghost
 19243 | Lair:1   | Killed Zalbag's ghost
 19246 | Lair:1   | Identified the ring "Kacwoqio" {Ice rPois Int+3 Dex+4
                  | Stlth+}
 19464 | D:12     | Found a staircase to the Orcish Mines.
 20092 | Orc:1    | Entered Level 1 of the Orcish Mines
 20099 | Orc:1    | Paralysed by an orc sorcerer for 2 turns
 20341 | Orc:1    | Found Cugouj's Distillery.
 20429 | Orc:2    | Entered Level 2 of the Orcish Mines
 20440 | Orc:2    | Received a gift from Trog
 20808 | Orc:2    | Found a staircase to the Elven Halls.
 20949 | Orc:2    | Found Ityruqy's Antique Armour Emporium.
 20949 | Orc:2    | Found Cosicoll's General Store.
 20990 | Orc:2    | Found a roughly hewn altar of Beogh.
 21022 | Orc:2    | Found Gehad's Jewellery Emporium.
 21022 | Orc:2    | Found Cechywie's Book Shop.
 21036 | Orc:2    | Reached skill level 15 in Shields
 21037 | Orc:2    | Received a gift from Trog
 21049 | Orc:2    | Reached ****** piety under Trog
 21067 | Orc:2    | Reached skill level 15 in Armour
 21278 | Orc:2    | Bought a ring of flight for 210 gold pieces
 21631 | D:13     | Found a transporter.
 21639 | D:13     | Found a transporter.
 21689 | D:13     | Found the +8 demon trident "Rift" {distort, reach+}
 21781 | D:13     | Noticed fireball365's ghost (journeyman MiFi)
 21843 | D:14     | Found a sparkling altar of Nemelex Xobeh.
 22126 | D:14     | Found a gate to the Vaults.
 22134 | D:14     | Reached XP level 16. HP: 152/152 MP: 16/16
 22141 | D:14     | Reached skill level 10 in Evocations
 22382 | D:15     | Entered Level 15 of the Dungeon
 22468 | D:15     | Paralysed by an ogre mage for 2 turns
 22471 | D:15     | Received a gift from Trog
 22531 | D:15     | Noticed Bananafolds's ghost (adept NaVM)
 22582 | D:15     | Found a staircase to the Depths.
 22780 | D:15     | Noticed Josephine
 22791 | D:15     | Killed Josephine
 22910 | D:15     | Found a runed translucent gate.
 22911 | D:15     | Found a runed translucent gate.
 22911 | D:15     | Found a runed translucent gate.
 23114 | D:15     | Noticed Rupert
 23131 | D:15     | Killed Rupert
 23787 | Snake:1  | Entered Level 1 of the Snake Pit
 24250 | Snake:1  | Reached XP level 17. HP: 153/163 MP: 17/17
 25005 | Orc:1    | Bought a potion of heal wounds for 80 gold pieces
 25005 | Orc:1    | Bought a potion of heal wounds for 80 gold pieces
 25005 | Orc:1    | Bought a potion of might for 64 gold pieces
 25548 | Snake:2  | Received a gift from Trog
 25792 | Snake:2  | Noticed Aizul
 25807 | Snake:2  | Killed Aizul
 25977 | Snake:2  | Noticed Vashnia
 26030 | Snake:2  | Killed Vashnia
 26679 | Snake:3  | Found the +3 pair of mountain boots {steadfast, rC+}
 26722 | Snake:3  | Identified Roxanne's Handbook of the Ground
 26722 | Snake:3  | Noticed Roxanne
 26815 | Snake:3  | Killed Roxanne
 26994 | Snake:3  | Noticed Saint Roka
 27021 | Snake:3  | Killed Saint Roka
 27420 | Snake:3  | Found Perseus's Dragon-Slaying Spoils.
 27429 | Snake:3  | Bought +2 gold dragon scales for 1104 gold pieces
 27602 | Snake:4  | Entered Level 4 of the Snake Pit
 27815 | Snake:4  | Identified the +1 shortbow of the Onslaught {drain, rC+
                  | Stlth+}
 28283 | Snake:4  | Received a gift from Trog
 28396 | Snake:4  | Reached XP level 18. HP: 165/174 MP: 18/18
 28715 | Snake:4  | Got a serpentine rune of Zot
 29319 | Shoals:1 | Entered Level 1 of the Shoals
 29484 | Shoals:1 | Noticed Donald
 29497 | Shoals:1 | Killed Donald
 29608 | Shoals:1 | Noticed Nikola
 29754 | Shoals:1 | Killed Nikola
 29960 | Shoals:1 | Found Tujokhlor's Assorted Antiques.
 30094 | Shoals:1 | Noticed a titan
 30118 | Shoals:1 | Killed a titan
 31331 | Shoals:3 | Received a gift from Trog
 31347 | Shoals:3 | Noticed Polyphemus
 31362 | Shoals:3 | Killed Polyphemus
 31368 | Shoals:3 | Reached XP level 19. HP: 173/185 MP: 19/19
 31422 | Shoals:3 | Found a runed translucent gate.
 31422 | Shoals:3 | Found a runed translucent gate.
 31444 | Shoals:3 | Noticed Ilsuiw
 31480 | Shoals:3 | Killed Ilsuiw
 32097 | Shoals:3 | Found a runed translucent gate.
 32101 | Shoals:3 | Noticed Kehicw's ghost (adept HOBr)
 32171 | Shoals:3 | Killed Kehicw's ghost
 32333 | Shoals:3 | Identified the +2 cloak of the Fletcher {Dex+2}
 32383 | Shoals:4 | Entered Level 4 of the Shoals
 32398 | Shoals:4 | Identified the +6 halberd of Qaisyunu {flame, Int+3}
 32707 | Shoals:4 | Identified the +7 battleaxe of the Open Hand {venom, rF+
                  | Int+3}
 32871 | Shoals:4 | Identified the +2 hand axe "Vik Gaage" {heavy, Fragile
                  | rElec rC++ rCorr} (Trog gifted it to you on level 4 of the
                  | Shoals)
 32871 | Shoals:4 | Received a gift from Trog
 33108 | Shoals:4 | Got a barnacled rune of Zot
 33139 | Shoals:4 | Identified the ring of Ahougin {Fly rF+ rC- Str+4 Int+6}
 33276 | Shoals:4 | Received a gift from Trog
 33941 | Vaults:1 | Entered Level 1 of the Vaults
 34271 | Vaults:1 | Reached XP level 20. HP: 198/198 MP: 20/20
 34930 | Vaults:2 | Noticed Mara
 34943 | Vaults:2 | Killed Mara
 35065 | Vaults:2 | Identified the +5 great mace of the Extremely Mad {heavy,
                  | *Noise Will+++ Str+3} (Trog gifted it to you on level 2 of
                  | the Vaults)
 35065 | Vaults:2 | Received a gift from Trog
 35513 | Vaults:2 | Received a gift from Trog
 36010 | Vaults:2 | Found a runed translucent gate.
 36010 | Vaults:2 | Found a runed translucent gate.
 36010 | Vaults:2 | Found an opulent altar of Gozag.
 36011 | Vaults:2 | Found a runed translucent gate.
 36012 | Vaults:2 | Noticed Angmar's ghost (veteran DrAE)
 36197 | Vaults:2 | Killed Angmar's ghost
 36411 | Vaults:3 | Found Ixzen's Jewellery Emporium.
 36479 | Vaults:3 | Identified the +8 trident "Orb Guardian's Curse" {speed,
                  | rF- rC++}
 36811 | Vaults:3 | Reached skill level 1 in Polearms
 36813 | Vaults:3 | Received a gift from Trog
 37149 | Vaults:3 | Reached XP level 21. HP: 207/207 MP: 21/21
 37189 | Vaults:3 | Found a staircase to the Crypt.
 37419 | Vaults:3 | Received a gift from Trog
 37970 | Vaults:3 | Identified the +1 dagger of Butiuch {venom, rElec rC++
                  | Int+4}
 38115 | Depths:1 | Entered Level 1 of the Depths
 38312 | Depths:1 | Noticed Bai Suzhen
 38365 | D:15     | Killed Bai Suzhen
 38581 | Depths:1 | Found a gateway to Hell.
 38763 | Depths:1 | Found a shadowy altar of Dithmenos.
 38850 | Depths:1 | Received a gift from Trog
 39213 | Depths:1 | Paralysed by a floating eye for 4 turns
 39221 | Depths:1 | Paralysed by a floating eye for 3 turns
 39357 | Depths:1 | Got the Codex of Mustering and Movement
 39401 | Depths:1 | Identified the staff of cold "Xatwesug" {Drain rPois rC+
                  | Str+3 Int+3}
 39434 | Depths:1 | Noticed a caustic shrike
 39435 | Depths:1 | Noticed a juggernaut
 39454 | Depths:1 | Killed a caustic shrike
 39460 | Depths:1 | Killed a juggernaut
 39839 | Hell     | Entered the Vestibule of Hell
 39839 | Hell     | Noticed Geryon
 39877 | Depths:2 | Found an ancient bone altar of Kikubaaqudgha.
 39894 | Depths:1 | Reached XP level 22. HP: 213/220 MP: 22/22
 39901 | Depths:1 | Received a gift from Trog
 39935 | Depths:2 | Found a one-way gateway to a ziggurat.
 39937 | Depths:2 | Identified the +1 pair of gloves of Loss {-Tele Rampage
                  | Will+ SInv}
 40511 | Depths:2 | Identified the +5 war axe "Kejaung" {heavy, rF+ Stlth+}
                  | (Trog gifted it to you on level 2 of the Depths)
 40511 | Depths:2 | Received a gift from Trog
 40614 | Depths:2 | Identified the +1 pair of gloves of the Known World
                  | {Rampage rCorr}
 40788 | Depths:2 | Found a one-way gate leading to the halls of Pandemonium.
 41096 | Depths:2 | Paralysed by a floating eye for 2 turns
 41343 | Depths:3 | Reached skill level 27 in Fighting
 41383 | Depths:3 | Received a gift from Trog
 41407 | Depths:3 | Noticed a golden dragon
 41417 | Depths:3 | Killed a golden dragon
 41875 | Depths:3 | Reached XP level 23. HP: 240/240 MP: 23/23
 41926 | Depths:3 | Noticed a golden dragon
 41936 | Depths:3 | Killed a golden dragon
 42096 | Depths:3 | Found a one-way gate to the infinite horrors of the Abyss.
 42452 | Depths:4 | Entered Level 4 of the Depths
 42462 | Depths:4 | Found Hokhloss's Antique Armour Shop.
 42566 | Depths:4 | Found Pallo's Book Shop.
 42664 | Depths:4 | Found Mezisiac's Weapon Shop.
 42765 | Depths:4 | Found a gate to the Realm of Zot.
 42961 | Depths:4 | Found Fesiciul's Weapon Emporium.
 43146 | Depths:4 | Reached skill level 27 in Axes
 43472 | Depths:2 | Received a gift from Trog
 43678 | Elf:1    | Entered Level 1 of the Elven Halls
 44820 | Elf:2    | Identified the +0 leather armour "Inwetui" {Dex+3}
 44913 | Elf:1    | Found a radiant altar of Vehumet.
 44974 | Elf:2    | Found a runed translucent gate.
 44975 | Elf:2    | Found a runed translucent gate.
 44975 | Elf:2    | Found a runed translucent gate.
 45011 | Elf:2    | Paralysed by an air elemental for 1 turns
 45134 | Elf:2    | Received a gift from Trog
 45241 | Elf:2    | Found Qobruo's Jewellery Shop.
 45247 | Elf:2    | Bought the ring of Shadows {Umbra +Inv Stlth+} for 600 gold
                  | pieces
 45247 | Elf:2    | Found the ring of Shadows {Umbra +Inv Stlth+}
 45631 | Elf:2    | Reached XP level 24. HP: 234/249 MP: 23/23
 45866 | Elf:3    | Entered Level 3 of the Elven Halls
 46144 | Elf:3    | Received a gift from Trog
 46564 | Elf:3    | Identified the +5 great sword "Honniakh" {vamp, Dex+2}
 46564 | Elf:3    | Identified the ring "Lileath" {rElec rPois EV+5}
 46740 | Elf:3    | Identified the +6 scale mail "Dunoufi" {Int+3 Slay+4
                  | Stlth+}
 46749 | Elf:3    | Identified the staff of air "Irac Qybri" {rElec Str+2}
 46783 | Elf:3    | Identified the ring "Ozoutie" {rN+ Int+6 SInv}
 47161 | Orc:2    | Bought a potion of curing for 42 gold pieces
 47161 | Orc:2    | Bought a potion of haste for 140 gold pieces
 47216 | Orc:1    | Bought a potion of resistance for 160 gold pieces
 47500 | Shoals:1 | Bought a potion of haste for 210 gold pieces
 47848 | D:13     | Killed fireball365's ghost
 47983 | D:15     | Killed Bananafolds's ghost
 48382 | Orc:2    | Bought a ring of protection from fire for 300 gold pieces
 48676 | Vaults:4 | Noticed Xtahua
 48684 | Vaults:4 | Killed Xtahua
 48828 | Vaults:4 | Found a transporter.
 48852 | Vaults:4 | Found a transporter.
 48913 | Vaults:4 | Received a gift from Trog
 49734 | Vaults:4 | Identified the amulet "Relaill" {RegenMP rElec rF+}
 49736 | Vaults:4 | Identified the +0 cloak of the Fig {rElec Str+3 Dex+2}
 49817 | Vaults:5 | Entered Level 5 of the Vaults
 49822 | Vaults:5 | Identified the +11 war axe of Ubiqot {flame, +Blink rC+
                  | Str+5 Stlth-} (Trog gifted it to you on level 5 of the
                  | Vaults)
 49822 | Vaults:5 | Received a gift from Trog
 49902 | Vaults:5 | Reached XP level 25. HP: 239/257 MP: 23/23
 50089 | Abyss:2  | Found a corrupted altar of Lugonu.
 50089 | Abyss:2  | Cast into level 2 of the Abyss (a deep elf demonologist)
 50176 | Abyss:3  | Got an abyssal rune of Zot
 50215 | Abyss:3  | Gained mutation: Your body sometimes deteriorates upon
                  | taking damage. [a cacodemon]
 50252 | Abyss:4  | Found a corrupted altar of Lugonu.
 50261 | Vaults:5 | Escaped the Abyss
 50268 | Vaults:4 | Reached skill level 27 in Shields
 50294 | Abyss:4  | Found a corrupted altar of Lugonu.
 50294 | Abyss:4  | Cast into level 4 of the Abyss (a deep elf demonologist)
 50305 | Vaults:5 | Escaped the Abyss
 50318 | Vaults:5 | Received a gift from Trog
 50414 | Vaults:5 | Identified the +0 leather armour of Reddun {+Blink}
 50421 | Vaults:5 | Identified the +9 quarterstaff of Eternity {flame, rN+}
 50520 | Vaults:5 | Got a silver rune of Zot
 50521 | Vaults:5 | Identified the staff of death "Kucu Dyd" {rN+ rCorr Str+3}
 50528 | Vaults:5 | Identified the +6 mace of the Shifting Gods {speed, Str+3}
 50630 | Vaults:5 | Identified the ring of the Crushed Wars {Contam Fly rPois
                  | rC+++ Int+6}
 50709 | Vaults:5 | Identified the +6 quarterstaff of Xucyar {vamp, rN+ Stlth+}
 51061 | Vaults:5 | Identified the +2 quarterstaff of Pestilence {protect,
                  | +Blink Dex+2}
 51082 | Vaults:5 | Identified a scroll of acquirement
 51089 | Vaults:5 | Acquired the +0 hat "Bewey" {rF++ Dex-4 Slay+2 Stlth+}
 51886 | Slime:1  | Entered Level 1 of the Pits of Slime
 52042 | Slime:1  | Gained mutation: You occasionally shout uncontrollably at
                  | your foes. [a shining eye]
 52043 | Slime:1  | Received a gift from Trog
 52190 | Snake:3  | Bought the +4 pearl dragon scales of Oshraot {-Cast rN+
                  | Will++ Dex+5} for 1546 gold pieces
 53301 | Slime:3  | Received a gift from Trog
 53699 | Slime:3  | Gained mutation: You occasionally lose the ability to read
                  | scrolls when taking damage. [a shining eye]
 53702 | Slime:3  | Gained mutation: Your magical capacity is low. (-10% MP) [a
                  | shining eye]
 53950 | Slime:4  | Received a gift from Trog
 54108 | Slime:4  | Gained mutation: You are dopey. (Int -2) [a shining eye]
 54675 | Slime:5  | Entered Level 5 of the Pits of Slime
 54684 | Slime:5  | Paralysed by a floating eye for 4 turns
 54728 | Slime:5  | Reached XP level 26. HP: 266/266 MP: 20/20
 54753 | Slime:5  | Gained mutation: Your body often deteriorates upon taking
                  | damage. [a shining eye]
 55018 | Slime:5  | Noticed the Royal Jelly
 55036 | Slime:5  | Killed the Royal Jelly
 55665 | Elf:3    | Lost mutation: You occasionally shout uncontrollably at
                  | your foes. [potion of mutation]
 55665 | Elf:3    | Lost mutation: Your magical capacity is low. (-10% MP)
                  | [potion of mutation]
 55665 | Elf:3    | Lost mutation: You are dopey. (Int -2) [potion of mutation]
 55665 | Elf:3    | Gained mutation: You occasionally shout uncontrollably at
                  | your foes. [potion of mutation]
 55666 | Elf:3    | Lost mutation: You occasionally lose the ability to read
                  | scrolls when taking damage. [potion of mutation]
 55666 | Elf:3    | Lost mutation: You occasionally shout uncontrollably at
                  | your foes. [potion of mutation]
 55666 | Elf:3    | Gained mutation: You are robust. (+10% HP) [potion of
                  | mutation]
 55666 | Elf:3    | Lost mutation: Your body often deteriorates upon taking
                  | damage. [potion of mutation]
 55666 | Elf:3    | Gained mutation: You are partially covered in iridescent
                  | scales. (AC +2) [potion of mutation]
 55667 | Elf:3    | Lost mutation: You are robust. (+10% HP) [potion of
                  | mutation]
 55667 | Elf:3    | Lost mutation: Your body sometimes deteriorates upon taking
                  | damage. [potion of mutation]
 55667 | Elf:3    | Lost mutation: You are partially covered in iridescent
                  | scales. (AC +2) [potion of mutation]
 55667 | Elf:3    | Gained mutation: You occasionally lose the ability to read
                  | scrolls when taking damage. [potion of mutation]
 55667 | Elf:3    | Gained mutation: You have sharp toenails. [potion of
                  | mutation]
 55668 | Elf:3    | Lost mutation: You have sharp toenails. [potion of
                  | mutation]
 55668 | Elf:3    | Lost mutation: You occasionally lose the ability to read
                  | scrolls when taking damage. [potion of mutation]
 55668 | Elf:3    | Gained mutation: Your spells are a little harder to cast,
                  | but a little more powerful. [potion of mutation]
 55668 | Elf:3    | Gained mutation: You are partially covered in iridescent
                  | scales. (AC +2) [potion of mutation]
 55668 | Elf:3    | Gained mutation: You are agile. (Dex +4, Str/Int -1)
                  | [potion of mutation]
 56280 | Slime:5  | Identified the +4 trident "Atiug" {venom, Int-2 Dex+3}
 56294 | Slime:5  | Identified the +6 scale mail of the Sun {rC+++ MP+9 Int-4
                  | Stlth+}
 56302 | Slime:5  | Identified the +6 halberd "Killer Bee's Regret" {vamp, rF+
                  | Str+2}
 56311 | Slime:5  | Identified the +4 morningstar "Rosa" {freeze, Will+ Str+3
                  | Dex+4}
 56511 | Slime:5  | Identified the staff of earth "Peeschaxt" {rN++ rCorr}
 56519 | Slime:5  | Got a slimy rune of Zot
 56541 | Slime:5  | Identified the +7 scimitar of Classification {flame, *Rage
                  | rC+ Str+5}
 56950 | Zot:1    | Entered Level 1 of the Realm of Zot
 57122 | Zot:1    | Reached skill level 15 in Evocations
 57180 | Zot:1    | Received a gift from Trog
 57983 | Zot:1    | Found a runed translucent door.
 57988 | Zot:1    | Noticed Karoneja's ghost (adept MeHs)
 58177 | Zot:1    | Killed Karoneja's ghost
 58770 | Zot:2    | Received a gift from Trog
 60091 | Zot:3    | Reached skill level 27 in Armour
 60236 | Zot:3    | Reached XP level 27. HP: 273/273 MP: 23/23
 60846 | Zot:3    | Noticed an orb of fire
 60862 | Zot:3    | Killed an orb of fire
 61777 | Shoals:1 | Bought a scroll of fear for 84 gold pieces
 61777 | Shoals:1 | Bought a scroll of fog for 84 gold pieces
 63093 | Zot:3    | Received a gift from Trog
 63988 | Zot:4    | Identified the +10 double sword of Indomitability {pain,
                  | *Corrode rElec Dex+3}
 64291 | Zot:4    | Received a gift from Trog
 65573 | Zot:5    | Entered Level 5 of the Realm of Zot
 66189 | Zot:5    | Noticed a dread lich
 66194 | Zot:5    | Noticed an orb of fire
 66194 | Zot:5    | Noticed an orb of fire
 66196 | Zot:5    | Noticed an orb of fire
 66201 | Zot:5    | Killed a dread lich
 66208 | Zot:5    | Noticed an ancient lich
 66214 | Zot:5    | Killed an orb of fire
 66217 | Zot:5    | Noticed a dread lich
 66218 | Zot:5    | Gained mutation: You occasionally lose the ability to read
                  | scrolls when taking damage. [an orb of fire]
 66225 | Zot:5    | Killed an orb of fire
 66233 | Zot:5    | Killed an orb of fire
 66244 | Zot:5    | Killed an ancient lich
 66244 | Zot:5    | Received a gift from Trog
 66247 | Zot:5    | Killed a dread lich
 66646 | Zot:5    | Noticed an orb of fire
 66646 | Zot:5    | Noticed an orb of fire
 66662 | Zot:5    | Killed an orb of fire
 66672 | Zot:5    | Gained mutation: You have hidden genetic defects. [an orb
                  | of fire]
 66679 | Zot:5    | Noticed an orb of fire
 66680 | Zot:5    | Killed an orb of fire
 66691 | Zot:5    | Gained mutation: You do not regenerate when monsters are
                  | visible. [an orb of fire]
 66698 | Zot:5    | Gained mutation: You are dopey. (Int -2) [an orb of fire]
 66700 | Zot:5    | Gained mutation: You occasionally lose the ability to drink
                  | potions when taking damage. [an orb of fire]
 66701 | Zot:5    | Killed an orb of fire
 66792 | Zot:5    | Noticed an orb of fire
 66802 | Zot:5    | Killed an orb of fire
 67178 | Orc:1    | Bought a potion of mutation for 128 gold pieces
 67178 | Orc:1    | Lost mutation: You have hidden genetic defects. [potion of
                  | mutation]
 67178 | Orc:1    | Lost mutation: You are partially covered in iridescent
                  | scales. (AC +2) [potion of mutation]
 67178 | Orc:1    | Lost mutation: You occasionally lose the ability to drink
                  | potions when taking damage. [potion of mutation]
 67178 | Orc:1    | Gained mutation: You sometimes lose the ability to read
                  | scrolls when taking damage. [potion of mutation]
 67178 | Orc:1    | Gained mutation: You have large cloven feet. [potion of
                  | mutation]
 67572 | Zot:5    | Got the Orb of Zot
 67928 | D:14     | Noticed Culimuff the pandemonium lord
 68266 | D:$      | Escaped with the Orb!

Illustrated notes

Levels and vault maps discovered:
D:1:      wheals_arrival_linesprint, layout_loops_cross, minmay_tripent
D:2:      layout_basic, basic_altar, st_stairs_12, minmay_fountain_box,
          chequers_serial_rivers_micro_b, nicolae_kite_square_tiling_tiny,
          minmay_quantized, uniq_sigmund
D:3:      minmay_razor_zed, layout_basic, amethyst_overflow_temple_binary
D:4:      layout_loops_ring, minmay_temple_entry_junction,
          minmay_misc_feat_room, uniq_blork_the_orc
D:5:      layout_loops_ring, overflow_temple_1_default, lemuel_tele_altar,
          mainiacjoe_overflow_swirl, mainiacjoe_overflow_small_starburst,
          serial_bayou_crossing
D:6:      layout_basic, gammafunk_ghost_cemetery, minmay_statues_item,
          minmay_chambers_of_fives, uniq_grinder, uniq_maggie, uniq_menkaure
D:7:      kennysheep_six_static_rooms, layout_basic
D:8:      layout_rooms, mainiacjoe_overflow_catwalk,
          ebering_ghost_funeral_grove, minmay_sticks_and_stones
D:9:      layout_roguey, erik_lair_island, gammafunk_ghost_ooze
D:10:     cheibrodos_grave_circle, layout_cave_pools, fedhas_altar_fruit_tree,
          gammafunk_ghost_wrathful_warriors, grunt_ministairs_14, uniq_lodul
D:11:     layout_grid_maze, ebering_ghost_inner_flame
D:12:     layout_rooms, zombieorc1_lemuel
D:13:     layout_rooms, gammafunk_ghost_abyssal_escape
D:14:     kennysheep_cluttered_fort, layout_rooms,
          lightli_vaults_fourway_checkpoint, glass_columns_a,
          nemelex_xobeh_ov_fountains_minmay
D:15:     gammafunk_depths_entry_grave, layout_stronghold, gammafunk_ghost_icy,
          uniq_rupert, uniq_josephine
Lair:1:   layout_roguey, gammafunk_ghost_berserking_beasts,
          portal_ice_cave_entry_imps, eino_small_chamber_without_monster,
          uniq_joseph, uniq_amaemon, uniq_fannar
Lair:2:   layout_cellular_growth, chequers_serial_rivers_room_a
Lair:3:   layout_loops_ring, elwin_shoals_entry_rocks,
          minmay_snake_entry_guardpost_small
Lair:4:   layout_regular_city, forest_entry_grove
Lair:5:   cheibrodos_lair_end_hotspot, layout_small_grid,
          minmay_slime_entry_oklob_open, dreamdust_mushroom_princess
Shoals:1: cheibrodos_shoals_gigantism, layout_shoals, serial_shops,
          nicolae_shop_peninsula, uniq_nikola, uniq_donald
Shoals:2: layout_shoals, nicolae_shoals_hunting_party
Shoals:3: layout_shoals, gammafunk_ghost_tricky_traps, uniq_polyphemus,
          uniq_ilsuiw
Shoals:4: shoals_end_hangedman, layout_shoals, nicolae_shoals_spectral_cove
Snake:1:  layout_honeycomb
Snake:2:  layout_chambers, nicolae_triple_integral, uniq_aizul, uniq_vashnia
Snake:3:  layout_cave_town, nicolae_shop_dragon_depot, lemuel_fruit_tree,
          uniq_saint_roka, uniq_roxanne
Snake:4:  johnstein_snake_rune_scales, layout_basic
Slime:1:  layout_caves
Slime:2:  layout_caves
Slime:3:  layout_caves
Slime:4:  layout_caves, nicolae_slime_phagocytosis
Slime:5
Orc:1:    layout_caves, serial_shops, shop
Orc:2:    st_orc_town, layout_diamond_mine
Elf:1:    nicolae_elf_arrival_no_cutting_in_line, layout_loops_corners,
          minmay_elf_demonology, lemuel_upstairs_altar
Elf:2:    nicolae_elf_blades_crystal_corner, layout_gridlike, serial_shops,
          shop_fountains, nicolae_concentric_dashed_squares_wild
Elf:3:    minmay_elf_hall, layout_loops_ring
Vaults:1: nicolae_vaults_little_squares_6, hangedman_vaults_stitches,
          nicolae_vaults_six-pack, ontoclasm_vaults_chip,
          ontoclasm_vaults_gateway, nicolae_vaults_offset_grid_hallway_3,
          grunt_vaults_hallway_short, nicolae_vaults_trapezoid_layered,
          nicolae_vaults_ninety_degrees, nicolae_vaults_trapezoid_lopsided_1,
          grunt_vaults_diagonal, layout_vaults_omnibox
Vaults:2: ebering_ghost_gozag, nicolae_vaults_network_quincunx
          [nicolae_vaults_network_quincunx_subvault,
          nicolae_vaults_network_quincunx_subvault,
          nicolae_vaults_network_quincunx_subvault,
          nicolae_vaults_network_quincunx_subvault,
          nicolae_vaults_network_quincunx_subvault], v_misc_17,
          vaults_room_grid, v_misc_26, dpeg_vaults_monster_row,
          ontoclasm_vaults_chip, nicolae_vaults_trapezoid_lopsided_3,
          vaults_room_fours, ontoclasm_vaults_decontamination,
          nicolae_vaults_cochlea, v_misc_29, serial_ice_b,
          nicolae_vaults_angled_halls, nicolae_vaults_security_offices_1,
          hangedman_vaults_corner_blocks, layout_vaults_maze_bifur, uniq_mara
Vaults:3: nicolae_vaults_meiosis, vaults_mumra_hexcomb, vaults_room_hallway,
          minmay_crypt_entry_skeletal_spiral,
          vaults_standard_mumra_enter_the_diamond,
          nicolae_vaults_trapezoid_lopsided_3, vaults_mumra_lcd,
          nicolae_vaults_big_ls, v_misc_24, nicolae_vaults_heist,
          nicolae_vaults_network_star, layout_vaults_chaotic_city, serial_shops,
          nicolae_shop_getting_attention
Vaults:4: gammafunk_the_bubble [the_bubble_gammafunk_crates],
          nicolae_vaults_circle_grid_b, v_misc_17,
          nicolae_vaults_trapezoid_lopsided_3, nicolae_vaults_tetromino_T_2,
          ontoclasm_vaults_claustrophobia, nicolae_vaults_variable_pillar_hall,
          vaults_mumra_minichess_inversion, nicolae_vaults_stepped_doors,
          layout_vaults_omnicross, uniq_xtahua
Vaults:5
Depths:1: layout_gridville, grunt_mini_vestibule,
          nicolae_dithmenos_the_darkroom, minmay_multi_spiral,
          serial_bayou_shore_a, uniq_bai_suzhen
Depths:2: minmay_swirls_squares, layout_long_grid, enter_ziggurat_d,
          grunt_pan_entry_spiral, hell_entry, kiku_gazebo_garden_becter,
          infiniplex_staircase_spiral
Depths:3: minmay_the_grid_octo_triangle [minmay_the_grid_octo_focus,
          minmay_the_grid_octo_prize_big_c, minmay_the_grid_octo_odd_swirl],
          layout_cave_shapes, grunt_hell_entry_dis_grunt, serial_bayou_pond_e,
          minmay_room_of_horrors, serial_column_ruins,
          column_ruins_corridor_corner, column_ruins_grid_4,
          column_ruins_columns_straight, column_ruins_columns_straight,
          column_ruins_open_tiny, serial_bayou_shore_b,
          minmay_staircase_statues, uniq_josephina
Depths:4: grunt_zot_entry_funnels, layout_honeycomb, hell_entry, serial_rivers,
          chequers_serial_rivers_small_a, chequers_serial_rivers_micro_b,
          chequers_serial_rivers_small_a, chequers_serial_rivers_room_a,
          abyss_entry_small_statue_room, serial_shops, shop,
          nicolae_shop_bloodbath_and_beyond, shop, shop
Hell
Zot:1:    layout_cellular_growth, ebering_ghost_reflecting_pool
Zot:2:    layout_twisted_circle
Zot:3:    lemuel_firehouse, layout_cathedral_of_symmetry
Zot:4:    lemuel_acid_trip, layout_cathedral_of_symmetry,
          nicolae_rock_paper_scissors
Zot:5:    layout_cellular_growth

Skill      XL: |  1  2  3  4  5  6  7  8  9 10 11 12 13 14 15 16 17 18 19 20 21 22 23 24 25 26 27 |
---------------+----------------------------------------------------------------------------------+-----
Axes           | 3 5 6 7 9 11 13 15 16 17 18 19 20 22 23 25 27 | 27.0
Fighting       | 4 5 7 8 9 10 12 14 15 16 17 18 20 21 22 23 27 | 27.0
Armour         | 4 5 6 7 8 9 11 13 14 15 16 17 18 19 20 21 22 27 | 27.0
Shields        | 4 5 6 7 8 10 11 13 14 15 16 17 18 19 20 21 23 26 27 | 27.0
Evocations     | 4 7 9 10 14 15 22 | 22.7
Polearms       | 1 |  1.5

Action                     |  1- 3 |  4- 6 |  7- 9 | 10-12 | 13-15 | 16-18 | 19-21 | 22-24 | 25-27 || total
---------------------------+-------+-------+-------+-------+-------+-------+-------+-------+-------++-------
  Melee: War axe           |    97 |   142 |   107 |   456 |   844 |  1199 |  1442 |  1445 |  1787 ||  7519
         Hand axe          |       |       |   183 |   134 |       |       |       |       |       ||   317
         Broad axe         |       |       |       |       |   386 |     7 |       |       |       ||   393
         Trident           |       |       |       |       |       |       |    64 |    47 |       ||   111
 Invoke: Berserk           |       |       |       |     4 |     7 |     3 |     5 |     5 |     5 ||    29
         Trog's Hand       |       |       |       |     2 |     6 |     3 |     4 |     2 |    11 ||    28
Ability: Evoke Blink       |       |       |       |       |       |       |       |       |     1 ||     1
  Evoke: Tin of tremorston |       |       |       |       |       |     1 |     2 |       |     3 ||     6
         Wand              |       |       |       |       |       |       |     1 |     1 |     8 ||    10
    Use: Potion            |     1 |       |       |     2 |     1 |     2 |     2 |     1 |    30 ||    39
         Scroll            |       |       |     6 |    13 |    10 |     9 |     9 |     4 |     8 ||    59
   Stab: Invisible         |       |       |       |       |       |       |       |       |     2 ||     2
 Armour: Scale mail        |    47 |    79 |    56 |   159 |       |       |       |       |       ||   341
         Ice dragon scales |       |       |       |     4 |   208 |       |       |       |       ||   212
         Ring mail         |       |       |       |       |    11 |       |       |       |       ||    11
         Plate armour      |       |       |       |       |   124 |   116 |       |       |       ||   240
         Gold dragon scale |       |       |       |       |       |   281 |   686 |   617 |   645 ||  2229
         Pearl dragon scal |       |       |       |       |       |       |       |       |    77 ||    77
  Dodge: Dodged            |    40 |    77 |    42 |   100 |   172 |   121 |   193 |   168 |   317 ||  1230
  Block: Buckler           |    15 |    35 |     8 |       |       |       |       |       |       ||    58
         Tower shield      |       |       |   243 |   613 |  1093 |  1171 |  1636 |  1528 |  2084 ||  8368
         Reflection        |       |       |       |       |       |       |       |    70 |    56 ||   126
